 Dungeon Crawl Stone Soup version 0.18-a0-1041-gbe91bf5 (webtiles) character file.

70 dvd the Sneak (level 4, -6/21 HPs)
             Began as a Spriggan Enchanter on Jan 10, 2016.
             Mangled by an orc
             ... wielding a +0 mace
              (7 damage)
             ... on level 3 of the Dungeon.
             The game lasted 00:04:49 (1747 turns).

dvd the Sneak (Spriggan Enchanter)                  Turns: 1747, Time: 00:04:49

Health: -6/21      AC:  3    Str:  4    XL:     4   Next: 4%
Magic:  5/9        EV: 12    Int: 17    God:
Gold:   112        SH:  0    Dex: 16    Spells: 3 memorised, 3 levels left

rFire  . . .     SeeInvis +     a - +1 dagger
rCold  . . .     Gourm    .     b - +1 robe
rNeg   . . .     Faith    .     (shield restricted)
rPois  .         Spirit   .     (helmet restricted)
rElec  .         Dismiss  .     (no cloak)
rCorr  .         Reflect  .     (gloves unavailable)
SustAt .         Harm     .     (boots unavailable)
MR     .....                    m - amulet of rage
Stlth  +++.......               (no ring)
                                (no ring)

@: lethally poisoned (-6 -> -14), drained, very quick, not resistant to hostile
enchantments, fairly stealthy
A: unfitting armour, see invisible, herbivore 3, speed 3, slow metabolism 2
a: Evoke Berserk Rage


You were on level 3 of the Dungeon.
You were not hungry.

You visited 1 branch of the dungeon, and saw 3 of its levels.

You collected 112 gold pieces.

Inventory:

Hand Weapons
 a - a +1 dagger (weapon)
Armour
 b - a +1 robe (worn)
Jewellery
 l - an uncursed amulet of harm
 m - an amulet of rage (around neck)
Scrolls
 e - a scroll of teleportation {unknown}
 g - 2 scrolls of blinking {unknown}
 j - 5 scrolls of identify {unknown}
 n - a scroll of recharging {unknown}
 o - a scroll of amnesia {unknown}
 p - a scroll of enchant weapon {unknown}
Potions
 h - a potion of heal wounds {unknown}
 k - a potion of agility {unknown}
 q - a potion of curing {unknown}
Books
 c - a book of Maledictions

   Spells                             Type                      Level
   a - Corona                         Hexes                        1
   b - Ensorcelled Hibernation        Hexes/Ice                    2
   c - Confuse                        Hexes                        3
   d - Tukima's Dance                 Hexes                        3
   e - Dazzling Spray                 Conjuration/Hexes            3
Comestibles
 d - 4 bread rations
 f - a royal jelly
 i - 4 fruits


   Skills:
 + Level 1.1(0.2) Short Blades
 + Level 3.2(2.2) Dodging
 + Level 6.4(5.4) Stealth
 + Level 3.3(2.4) Spellcasting
 + Level 4.0(3.0) Hexes
 + Level 0.4(0.0) Ice Magic


You had 3 spell levels left.
You knew the following spells:

 Your Spells              Type           Power        Failure   Level  Hunger
a - Corona                Hex            ##.....      6%          1    #......
b - Ensorcelled Hibernat  Hex/Ice        #.....       17%         2    ##.....
c - Confuse               Hex            ##......     17%         3    ###....


Dungeon Overview and Level Annotations

Branches:
Dungeon (3/15)

Altars:
Cheibriados
Fedhas
Makhleb
Vehumet


Innate Abilities, Weirdness & Mutations

You are tiny and cannot use many weapons and most armour.
You have supernaturally acute eyesight.
You are a herbivore.
You cover ground extremely quickly.
You need consume almost no food.


Message History

Casting: Ensorcelled Hibernation
Confirm with . or Enter, or press ? or * to list all spells.
Aiming: Ensorcelled Hibernation
Press: ? - help, Shift-Dir - straight line, f - hobgoblin
Aim: a hobgoblin (chance to defeat MR: 78%)
The hobgoblin looks drowsy...
The helpless hobgoblin fails to defend itself.
You impale the hobgoblin!!
You kill the hobgoblin!
The worker ant bites you.
You are poisoned.
The worker ant poisons you!
You feel sick. The worm misses you.
You feel sick.
A gnoll comes into view. It is wielding a halberd.
There is a stone staircase leading up here.
You feel sick.
The gnoll moves out of view.
The worker ant bites you!
* * * LOW HITPOINT WARNING * * *
The orc hits you with a mace!
You die...

#. #<# #.# #.# ##
#.. ..## #.#
#...# .
##.####...#.# ...
#..@a........
.[._.#.o##w#....#
.............###.
.⌠.....)###.##
......... ##
.....#.###
.....#. .... #.
.... ..


You could see a worm, a worker ant and an orc.

Vanquished Creatures
  4 adders (D:2)
  A giant gecko (D:1)
  6 bats (D:2)
  5 hobgoblins
  2 jackals (D:1)
  A ball python (D:1)
  A giant newt (D:1)
  4 goblins
  5 kobolds
  7 rats
36 creatures vanquished.

Notes
Turn   | Place    | Note
--------------------------------------------------------------
     0 | D:1      | dvd the Spriggan Enchanter began the quest for the Orb.
     0 | D:1      | Reached XP level 1. HP: 9/9 MP: 5/5
   309 | D:1      | Reached XP level 2. HP: 13/13 MP: 6/6
   326 | D:1      | Learned a level 2 spell: Ensorcelled Hibernation
   473 | D:1      | Reached skill level 5 in Stealth
  1035 | D:2      | Reached XP level 3. HP: 16/16 MP: 0/8
  1048 | D:2      | Learned a level 3 spell: Confuse
  1211 | D:2      | Reached skill level 6 in Stealth
  1298 | D:2      | Found a burning altar of Makhleb.
  1361 | D:2      | Found a snail-covered altar of Cheibriados.
  1548 | D:2      | Found a blossoming altar of Fedhas.
  1700 | D:2      | Reached XP level 4. HP: 15/21 MP: 5/9
  1737 | D:3      | Found a radiant altar of Vehumet.
  1747 | D:3      | HP: 1/21 [worker ant (8)]
  1747 | D:3      | Mangled by an orc

Vault maps used:
D:1:      shiori_shiawase, corexii_item_surrounded_by_moat
D:2:      old_standard_altar, nicolae_overflow_hidden_temple, bloody_makhleb
D:3:      grunt_temple_overflow_open, uniq_grinder, uniq_robin

Action                   |  1- 3 |  4- 6 || total
-------------------------+-------+-------++-------
Melee: Dagger            |    43 |     2 ||    45
 Cast: Corona            |     9 |       ||     9
       Ensorcelled Hiber |    15 |     2 ||    17
 Stab: Sleeping          |    26 |     2 ||    28
       Distracted        |     1 |       ||     1
